 Dungeon Crawl Stone Soup version 0.30-a0-702-gdf48620a09 (webtiles) character file.

Game seed: 3425233159652858283

3 drugrobin the Sneak (level 1, -5/18 HPs)
             Began as a Demigod Delver on Jan 21, 2023.
             Shot with an arrow by a centaur (11 damage)
             ... on level 4 of the Dungeon.
             The game lasted 00:01:35 (341 turns).

drugrobin the Sneak (Demigod Delver)                 Turns: 341, Time: 00:01:36

Health: -5/18      AC:  3    Str: 13    XL:     1   Next: 33%
Magic:  3/3        EV: 11    Int: 12    God:
Gold:   0          SH:  0    Dex: 15    Spells: 0/0 levels left

rFire   . . .      SeeInvis .      - Unarmed
rCold   . . .      Faith    .    (no shield)
rNeg    . . .      Spirit   .    a - +0 leather armour
rPois   .          Reflect  .    (no helmet)
rElec   .          Harm     .    (no cloak)
rCorr   .          Rampage  .    (no gloves)
Will    .....                    (no boots)
Stlth   +++                      (no amulet)
HPRegen 0.23/turn                (no ring)
MPRegen 0.08/turn                (no ring)

@: no status effects
A: high MP 1, forlorn, divine attributes
a: no special abilities


You were on level 4 of the Dungeon.
You visited 1 branch of the dungeon, and saw 2 of its levels.

Inventory:

Armour
 a - a +0 leather armour (worn)
Wands
 f - a wand of digging (1)
Scrolls
 b - a scroll of fog
 c - a scroll of magic mapping
 d - a scroll of fear
 g - a scroll of poison {unknown}
Potions
 e - a potion of haste


   Skills:
 - Level 2.6 Fighting
 - Level 1.7 Dodging
 - Level 4.5 Stealth
 + Level 2.1 Unarmed Combat


You couldn't memorise any spells.
You didn't know any spells.
Your spell library was empty.

Dungeon Overview and Level Annotations

Branches:
Dungeon (5/15)
 Temple: D:4-7

Annotations:
D:4 exclusion: iguana


Innate Abilities, Weirdness & Mutations

You have an increased reservoir of magic. (+10% MP)
You shall have no god before yourself.
Your divine heritage dramatically boosts your attributes as you level up.


Message History

Aiming: Dig
Press: ? - help, Shift-Dir - straight line A rock wall.
The rock shatters into small pieces.
Unknown command.
Unknown command.
Unknown command.
Really walk into a travel-excluded area?
Really walk into a travel-excluded area?
Aiming: Dig
Press: ? - help, Shift-Dir - straight line A rock wall.
The rock shatters into small pieces.
Unknown command.
Unknown command.
A jelly comes into view.
A centaur comes into view.
Unknown command.
Unknown command.
Unknown command.
Unknown command.
Really walk into a travel-excluded area?
Unknown command.
Unknown command.
Really walk into a travel-excluded area?
Okay, then.
Unknown command.
Unknown command.
Really walk into a travel-excluded area?
Okay, then.
Unknown command.
Unknown command.
Unknown command.
Really walk into a travel-excluded area?
The centaur wields a +0 shortbow.
The centaur shoots an arrow.
The arrow hits you!
Ouch! That really hurt!
The centaur shoots an arrow.
The arrow hits you!
Ouch! That really hurt!
You die...

#o# ##.#
##o.#
##.#.#
##.##...
#o#####...
##.## l###
##.## #
##@# ##.#
#.. #..#
..# c..
#.. #.


You could see a centaur and an orc.

Vanquished Creatures
  An orc (D:4)
  A quokka (D:5)
2 creatures vanquished.

Notes
Turn   | Place    | Note
-------+----------+-------------------------------------------
     0 | D:5      | drugrobin the Demigod Delver began the quest for the Orb.
     0 | D:5      | Reached XP level 1. HP: 18/18 MP: 3/3
   180 | D:4      | Noticed an iguana
   287 | D:4      | Noticed an orc priest
   339 | D:4      | Noticed a jelly
   339 | D:4      | Noticed a centaur
   341 | D:4      | Shot with an arrow by a centaur

Illustrated notes

Levels and vault maps discovered:
D:4:      layout_basic, nicolae_tso_swordbearing_angel,
          mainiacjoe_overflow_alcove_1, chequers_temple_overflow_minitemple,
          minmay_manual_mares, uniq_robin
D:5:      layout_cave_pods, general_overflow_altar, temple_hall, serial_shops,
          shop, eino_tiny_chamber

Skill      XL: |  1 |
---------------+----+-----
Unarmed Combat | 2 |  2.1
Fighting       | |  2.6
Dodging        | |  1.7
Stealth        | |  4.5

Action                   || total
-------------------------++-------
Melee: Unarmed           ||    18
Evoke: Wand              ||     2
 Stab: Sleeping          ||     1
Armor: Leather armour    ||     2
Dodge: Dodged            ||     7

Table legend: (Time is in decaauts)
 A = Elapsed time spent in this place.
 B = Non-inter-level travel time spent in this place.
 C = Inter-level travel time spent in this place.
 D = Time resting spent in this place.
 E = Time spent auto-exploring this place.
 F = Levels seen in this place.
 G = Mean time per level.
                   A        B        C        D        E       F      G
               +--------+--------+--------+--------+--------+-----+--------+
         Total |    340 |    247 |     93 |      0 |    146 |   2 |  170.0 |
       Dungeon |    340 |    247 |     93 |      0 |    146 |   2 |  170.0 |
               +--------+--------+--------+--------+--------+-----+--------+

Top non-repeatable levels by time:
     D:4: 195 daAuts
     D:5: 144 daAuts
